 Dungeon Crawl Stone Soup version 0.32-a0-961-gd60f5e5fc7 (webtiles) character file.

Game seed: 16909005490665951950

6181 octoduck the Skirmisher (level 10, -3/67 HPs)
             Began as a Coglin Hunter on Apr 17, 2024.
             Was an Elder of Fedhas.
             Slain by a vampire (6 damage)
             ... on level 10 of the Dungeon on Apr 18, 2024.
             The game lasted 00:33:37 (11811 turns).

octoduck the Skirmisher (Coglin Hunter)            Turns: 11811, Time: 00:33:38

Health: -3/67      AC: 10    Str: 13    XL:     10   Next: 91%
Magic:  13/14      EV:  9    Int:  8    God:    Fedhas [****..]
Gold:   237        SH:  0    Dex: 28    Spells: 9/9 levels left

rFire   . . .        B - +3 longbow of Lobbus {speed, rPois Dex+4 Stlth+}
rCold   . . .        (shield currently unavailable)
rNeg    . . .        C - +0 scale mail of Bitterness {Dex+3}
rPois   +            (no helmet)
rElec   .            G - +0 cloak
rCorr   .            v - +1 pair of gloves
SInv    .            r - +0 pair of boots
Will    .....        (amulet unavailable)
Stlth   ++           (ring unavailable)
HPRegen 0.31/turn    (ring unavailable)
MPRegen 0.14/turn    (no gizmo)

%: no passive effects
@: about to teleport
A: off-hand wielding, slow wielding, warmup strikes, no jewellery
a: Invent Gizmo, Renounce Religion, Wall of Briars, Grow Ballistomycete,
Overgrow


You were on level 10 of the Dungeon.
You worshipped Fedhas.
Fedhas was greatly pleased with you.
You visited 2 branches of the dungeon, and saw 11 of its levels.
You also visited: Sewer.

You collected 583 gold pieces.
You spent 346 gold pieces at shops.

Inventory:

Hand Weapons
 a - a +3 sling {Ning}
 d - a +0 sling {Jeff}
 e - the +2 hand cannon of the Head {freeze, Will+}
   (You acquired it on level 1 of the Dungeon)

   Will+:     It increases your willpower.
 B - the +3 longbow of Lobbus (weapon) {speed, rPois Dex+4 Stlth+}
   (You found it on level 6 of the Dungeon)

   Dex+4:     It affects your dexterity (+4).
   rPois:     It protects you from poison.
   Stlth+:    It makes you more stealthy.
 I - the +8 frozen axe "Frostbite" {freeze, freezing cloud, *Noise Fly rC+}
   (You found it on level 8 of the Dungeon)

   rC+:       It protects you from cold.
   Fly:       It grants you flight.
   *Noise:    It may make a loud noise when swung.
Missiles
 t - 4 boomerangs
Armour
 o - +0 acid dragon scales
 r - a +0 pair of boots (worn)
 v - a +1 pair of gloves (worn)
 C - the +0 scale mail of Bitterness (worn) {Dex+3}
   (You bought it in a shop on level 6 of the Dungeon)

   Dex+3:     It affects your dexterity (+3).
 D - a +2 leather armour of fire resistance
 G - a +0 cloak (worn)
 K - a +2 robe of willpower
Wands
 y - a wand of mindburst (7)
 H - a wand of flame (18)
 L - a wand of roots (5)
 M - a wand of quicksilver (9)
Scrolls
 b - a scroll of butterflies
 c - a scroll of torment {unknown}
 g - a scroll of revelation
 l - a scroll of fear
 m - 2 scrolls of enchant armour
 q - a scroll of summoning
 s - a scroll of amnesia {unknown}
 x - a scroll of brand weapon
 E - 2 scrolls of enchant weapon
 F - 5 scrolls of immolation
 N - a scroll of teleportation
Potions
 f - 4 potions of curing
 h - a potion of mutation
 i - 2 potions of might
 j - a potion of cancellation
 k - 2 potions of haste
 n - a potion of enlightenment {unknown}
 p - a potion of magic
 u - 2 potions of lignification
 w - a potion of resistance
 A - 3 potions of brilliance
 J - a potion of berserk rage {unknown}


   Skills:
 - Level 2.2 Fighting
 + Level 13.6 Ranged Weapons
 - Level 1.7 Dodging
 - Level 0.7 Stealth
 + Level 5.7 Invocations


You had 9 spell levels left.
You didn't know any spells.
Your spell library contained the following spells:

 Spells                   Type           Power      Damage    Failure   Level
 Apportation              Tloc           0%         N/A       91%         1
 Necrotise                Necr           0%         1d4       91%         1
 Sting                    Conj/Alch      0%         1d3       91%         1
 Summon Small Mammal      Summ           0%         N/A       91%         1
 Blink                    Tloc           0%         N/A       97%         2
 Jinxbite                 Hex            0%         N/A       97%         2
 Lesser Beckoning         Tloc           0%         N/A       97%         2
 Momentum Strike          Conj/Tloc      0%         3d8       97%         2
 Call Canine Familiar     Summ           0%         N/A       100%        3
 Sigil of Binding         Hex            0%         N/A       100%        3
 Dimensional Bullseye     Hex/Tloc       0%         N/A       100%        4
 Ignite Poison            Fire/Alch      0%         N/A       100%        4
 Sticky Flame             Fire/Alch      0%         2d4       100%        4
 Alistair's Intoxication  Alch           0%         N/A       100%        5
 Ignition                 Fire           0%         3d3       100%        8


Dungeon Overview and Level Annotations

Branches:
Dungeon (10/15)            Temple (1/1) D:7           Sewer (visited)
   Lair: D:8-11         Orc: D:9-12

Altars:
Ashenzari
Cheibriados
Dithmenos
Elyvilon
Fedhas
Gozag
Hepliaklqana
Kikubaaqudgha
Makhleb
Nemelex Xobeh
Okawaru
Qazlal
Ru
Sif Muna
Trog
Uskayaw
Vehumet
Wu Jian
Xom
Yredelemnul
Zin
The Shining One

Shops:
D:6 ([[?[   D:8 !*=([   D:10 (


Innate Abilities, Weirdness & Mutations

You can wield a second weapon in your off-hand.
It takes a long time for you to wield or remove held weapons.
Your first few attacks do less damage.
You cannot equip rings or amulets.


Message History

The orc priest looks satisfied for a moment.
A ballistomycete spore comes into view.
Something hits you but does no damage. Something bites you but does no damage.
The orc priest hits your ballistomycete spore with a +0 trident.
Your ballistomycete spore explodes!
The orc priest appears confused.
The explosion of spores engulfs the orc priest!
You kill the orc priest!
Fedhas appreciates your contribution to the ecosystem.
Fedhas protects your plant from harm. Something hits you but does no damage.
Something bites you!
Something draws strength from your injuries!
Something hits you. Something bites you but does no damage.
Your ballistomycete spore explodes!
Fedhas protects your plant from harm. Something hits you but does no damage.
Something bites you!
Something draws strength from your injuries!
You shoot an arrow. Fedhas protects your plant from harm. Something hits you.
* * * LOW HITPOINT WARNING * * *
Something bites you but does no damage. Something hits you but does no damage.
Something bites you.
* * * LOW HITPOINT WARNING * * *
Something draws strength from your injuries!
You shoot an arrow. Something hits you.
* * * LOW HITPOINT WARNING * * *
Something bites you but does no damage.
As you read the scroll of fear, it crumbles to dust.
You assume a fearsome visage.
Nothing appears to happen.
Something hits you but does no damage. Something bites you but does no damage.
You shoot an arrow. Something hits you but does no damage. Something bites you.
* * * LOW HITPOINT WARNING * * *
Something draws strength from your injuries!
As you read the scroll of teleportation, it crumbles to dust.
You feel strangely unstable. Something hits you.
* * * LOW HITPOINT WARNING * * *
Something bites you.
You die...
Fedhas appreciates your contribution to the ecosystem.

###.######.'.....>.....#
#. ###......)....# #
########'#### #..#
####'## #.## .......
#####'###### .......
#.)).......# .......
#..P.......# .......
####.@{.......# ..o.V..
#..)..........#
<..)...###.##..........#
.....o.'...#############
.......##### #######


You could see a friendly ballistomycete (summoned).

Vanquished Creatures
  An orange demon (D:9)
  An ice devil (D:9)
  A red devil (D:9)
  2 shadows
  3 wraiths
  A steam dragon (D:8)
  Menkaure (D:7)
  2 vampire mosquitoes (D:9)
  A water moccasin (D:6)
  An acid dragon (D:9)
  Duvessa (D:5)
  A black bear (D:5)
  5 orc warriors
  2 ice beasts
  An ogre (D:4)
  A sky beast (D:5)
  5 centaurs
  2 phantoms
  2 kobold brigands
  A bullfrog (D:9)
  A scorpion (D:7)
  2 gnoll sergeants
  3 wights (D:8)
  Dowan (D:5)
  6 killer bees
  5 jellies
  A quasit (D:9)
  9 orc priests
  2 bombardier beetles
  A gnoll bouda (D:9)
  3 hounds
  2 iguanas (D:6)
  4 orc wizards
  7 adders
  16 gnolls
  2 river rats
  A shadow imp (D:7)
  2 white imps
  2 ufetubi (D:5)
  9 ribbon worms
  21 orcs
  4 bats
  12 endoplasms
  8 giant cockroaches
  9 goblins
  5 hobgoblins
  8 jackals
  2 quokkas (D:3)
  11 ball pythons
  8 frilled lizards
  10 kobolds
  10 rats
222 creatures vanquished.

Vanquished Creatures (collateral kills)
  An ugly thing (D:9)
  4 ballistomycete spores
5 creatures vanquished.

Vanquished Creatures (others)
  2 ballistomycete spores
2 creatures vanquished.

Grand Total: 229 creatures vanquished

Notes
Turn   | Place    | Note
-------+----------+-------------------------------------------
     0 | D:1      | octoduck the Coglin Hunter began the quest for the Orb.
     0 | D:1      | Reached XP level 1. HP: 16/16 MP: 1/1
   545 | D:1      | Reached skill level 4 in Ranged Weapons
   545 | D:1      | Reached XP level 2. HP: 22/22 MP: 2/2
   828 | D:1      | Identified a scroll of acquirement
   828 | D:1      | Acquired the +2 hand cannon of the Head {freeze, Will+}
   933 | D:2      | Reached XP level 3. HP: 27/27 MP: 3/3
  1079 | D:2      | Found a faded altar of an unknown god.
  1312 | D:2      | Reached skill level 5 in Ranged Weapons
  1312 | D:2      | Reached XP level 4. HP: 29/33 MP: 4/4
  1373 | D:2      | Found a blossoming altar of Fedhas.
  1379 | D:2      | Became a worshipper of Fedhas Madash
  1844 | D:3      | Reached XP level 5. HP: 31/38 MP: 5/5
  1974 | D:3      | Found a glowing drain.
  1983 | Sewer    | Entered a sewer
  2018 | Sewer    | Reached * piety under Fedhas
  2151 | Sewer    | Reached skill level 6 in Ranged Weapons
  2492 | Sewer    | Reached XP level 6. HP: 44/44 MP: 6/6
  2609 | Sewer    | Found a viscous altar of Jiyva.
  2820 | D:3      | Found an ornate altar of the Wu Jian Council.
  2882 | D:3      | Reached ** piety under Fedhas
  3004 | D:3      | Found an opulent altar of Gozag.
  3163 | D:3      | Reached skill level 7 in Ranged Weapons
  3173 | D:3      | Found a radiant altar of Vehumet.
  3636 | D:4      | Reached XP level 7. HP: 50/50 MP: 7/7
  4193 | D:5      | Entered Level 5 of the Dungeon
  4197 | D:5      | Reached skill level 8 in Ranged Weapons
  4207 | D:5      | Noticed Dowan
  4207 | D:5      | Noticed Duvessa
  4374 | D:5      | Reached *** piety under Fedhas
  4920 | D:5      | Reached XP level 8. HP: 40/56 MP: 8/8
  5007 | D:5      | Reached skill level 9 in Ranged Weapons
  5475 | D:5      | Found a bloodstained altar of Trog.
  5490 | D:5      | Killed Duvessa
  5706 | D:5      | Killed Dowan
  5831 | D:6      | Reached skill level 10 in Ranged Weapons
  5883 | D:6      | Found Qulufycs's Antique Armour Emporium.
  6163 | D:6      | Found Usuos's Weapon Shoppe.
  6348 | D:6      | Found Joliesar's Antique Armour Shoppe.
  6588 | D:6      | Identified the +3 longbow of Lobbus {speed, rPois Dex+4
                  | Stlth+}
  6626 | D:6      | Found Rerghovock's Armour Emporium.
  6668 | D:6      | Bought a distressingly furry scale mail for 198 gold pieces
  6668 | D:6      | Identified the +0 scale mail of Bitterness {Dex+3} (You
                  | bought it in a shop on level 6 of the Dungeon)
  6738 | D:6      | Found Wianesk's Magic Scroll Shop.
  6749 | D:6      | Bought a scroll of identify for 24 gold pieces
  6749 | D:6      | Bought a scroll of identify for 24 gold pieces
  6922 | D:6      | Reached XP level 9. HP: 61/61 MP: 9/9
  6969 | D:7      | Noticed Menkaure
  7197 | D:7      | Reached skill level 11 in Ranged Weapons
  7305 | D:7      | Killed Menkaure
  7343 | D:7      | Identified the +3 plate armour of Grace {*Corrode Str+3}
  7348 | D:7      | Found a staircase to the Ecumenical Temple.
  7354 | Temple   | Entered the Ecumenical Temple
  7369 | D:7      | Found a shimmering altar of Xom.
  7374 | D:7      | Found a snail-covered altar of Cheibriados.
  7376 | D:7      | Found a stormy altar of Qazlal.
  7386 | D:7      | Found a basalt altar of Yredelemnul.
  7529 | D:7      | Reached **** piety under Fedhas
  7530 | D:7      | Reached skill level 1 in Invocations
  7806 | D:8      | Found Culuezid's Armour Shop.
  7812 | D:8      | Found Koyc's Antique Weapon Shoppe.
  8038 | D:8      | Found the +8 frozen axe "Frostbite" {freeze, freezing
                  | cloud, *Noise Fly rC+}
  8042 | D:8      | Found an iron altar of Okawaru.
  8145 | D:8      | Reached skill level 12 in Ranged Weapons
  8183 | D:8      | Found Tohifaisk's General Store.
  8196 | D:8      | Bought a scroll of identify for 28 gold pieces
  8239 | D:8      | Found Zoiwoq's Jewellery Boutique.
  8471 | D:8      | Found Xikhlabu's Distillery.
  8537 | D:6      | Bought 2 scrolls of teleportation for 72 gold pieces
  8969 | D:9      | Reached XP level 10. HP: 55/67 MP: 12/12
  9014 | D:9      | Noticed a white ugly thing
  9561 | D:9      | Reached skill level 13 in Ranged Weapons
  9891 | D:9      | Found a burning altar of Makhleb.
  9951 | D:9      | Noticed an orange demon
  9972 | D:9      | Killed an orange demon
 10172 | D:9      | HP: 1/67 [orc warrior/+0 war axe (5)]
 10522 | D:9      | Killed a white ugly thing
 10523 | D:9      | Reached skill level 5 in Invocations
 10752 | D:10     | Entered Level 10 of the Dungeon
 10835 | D:10     | Found Itwud's Weapon Emporium.
 11811 | D:10     | HP: 3/67 [something (5)]
 11811 | D:10     | Slain by a vampire

Illustrated notes

Levels and vault maps discovered:
D:1:      wander_arrival_abandoned_jail, layout_basic
D:2:      layout_loops_ring, shapermc_ecumenical_altar_gd, basic_altar,
          serial_bayou_pond_b, hangedman_decor_diamond_cutter
D:3:      layout_basic, mainiacjoe_overflow_small_starburst,
          lemuel_doored_altar, grunt_gozag_breadcrumbs,
          lightli_sewer_entry_pipes, hangedman_decor_growths
D:4:      layout_loops_ring, serial_forest, infiniplex_forest_clump_small,
          infiniplex_forest_lined_room_2, infiniplex_forest_straight_2,
          infiniplex_forest_clump_long, infiniplex_forest_straight_5
D:5:      layout_cave_pods, old_standard_altar, grunt_decor_arrowhead,
          uniq_duvessa
D:6:      layout_basic, serial_shops, shop, nicolae_stop_n_shop_1,
          nicolae_shop_statue_plus, shop, shop, hangedman_abyss_or_decor_stagger
D:7:      layout_cave_pools, nicolae_overflow_quartered_altars,
          minmay_temple_entry_tees, kennysheep_another_room, uniq_menkaure
D:8:      layout_rooms, mainiacjoe_overflow_alcove_1, serial_shops, shop,
          nicolae_lakefront_shop, shop, shop, nicolae_shop_overgrown_old_shop
D:9:      layout_basic, marbit_many_paths, serial_demonic, serial_demonic_g,
          serial_demonic_a, serial_demonic_b, serial_demonic_e,
          minmay_fractal_squares_gapless_5
D:10:     layout_roguey, serial_shops, nicolae_shop_bloodbath_and_beyond,
          minmay_misc_feat_room
Temple:   nicolae_temple_x_marks_the_god

Skill      XL: |  1  2  3  4  5  6  7  8  9 10 |
---------------+-------------------------------+-----
Ranged Weapons | 4 5 6 7 8 10 12 13 | 13.6
Invocations    | 3 5 |  5.7
Fighting       | |  2.2
Dodging        | |  1.7
Stealth        | |  0.7

Action                     |  1- 3 |  4- 6 |  7- 9 | 10-12 || total
---------------------------+-------+-------+-------+-------++-------
   Fire: Sling             |   134 |   388 |   378 |       ||   900
         Longbow           |       |       |   123 |   152 ||   275
 Invoke: Wall of Briars    |       |       |     2 |     2 ||     4
         Grow Ballistomyce |       |       |     1 |     3 ||     4
  Evoke: Wand              |       |       |       |     3 ||     3
    Use: Scroll            |     4 |       |    15 |     4 ||    23
         Potion            |       |       |       |     4 ||     4
 Armour: Leather armour    |     3 |    36 |    48 |       ||    87
         Scale mail        |       |       |    28 |    99 ||   127
  Dodge: Dodged            |     3 |    40 |    54 |    41 ||   138

Table legend: (Time is in decaauts)
 A = Elapsed time spent in this place.
 B = Non-inter-level travel time spent in this place.
 C = Inter-level travel time spent in this place.
 D = Time resting spent in this place.
 E = Time spent auto-exploring this place.
 F = Levels seen in this place.
 G = Mean time per level.
                   A        B        C        D        E       F      G
               +--------+--------+--------+--------+--------+-----+--------+
         Total |  11960 |  11350 |    610 |   3770 |   5347 |  12 |  996.7 |
       Dungeon |  11202 |  10592 |    610 |   3322 |   5185 |  10 | 1120.2 |
        Temple |      1 |      1 |      0 |      0 |      0 |   1 |    1.0 |
         Sewer |    755 |    755 |      0 |    448 |    161 |   1 |  755.0 |
               +--------+--------+--------+--------+--------+-----+--------+

Top non-repeatable levels by time:
     D:9: 1988 daAuts
     D:5: 1446 daAuts
     D:6: 1204 daAuts
     D:3: 1112 daAuts
    D:10: 1038 daAuts
     D:4: 1031 daAuts
     D:8: 955 daAuts
     D:1: 871 daAuts
     D:7: 845 daAuts
   Sewer: 755 daAuts
     D:2: 709 daAuts
  Temple: 1 daAuts
